 Dungeon Crawl Stone Soup version 0.18.1-50-g88ac8fd (webtiles) character file.

354 spiff the Slasher (level 6, 0/42 HPs)
             Began as a Halfling Warper on Sept 29, 2016.
             Killed by divine providence
             ... invoked by an orc priest
              (11 damage)
             ... on level 4 of the Dungeon.
             The game lasted 00:10:04 (4110 turns).

spiff the Slasher (Halfling Warper)                 Turns: 4110, Time: 00:10:04

Health: 0/42       AC:  4    Str: 11    XL:     6   Next: 94%
Magic:  8/8        EV: 14    Int: 13    God:
Gold:   154        SH:  0    Dex: 15    Spells: 3 memorised, 3 levels left

rFire  . . .     SeeInvis .     a - +0 falchion
rCold  . . .     Gourm    .     b - +0 leather armour
rNeg   . . .     Faith    .     (shield restricted)
rPois  .         Spirit   .     x - +0 helmet
rElec  .         Dismiss  .     (no cloak)
rCorr  +         Reflect  .     (no gloves)
SustAt .         Harm     .     (no boots)
MR     .....                    (no amulet)
Stlth  ++........               r - ring of resist corrosion
                                y - ring of stealth

@: not resistant to hostile enchantments, unstealthy
A: mutation resistance 1
a: no special abilities


You were on level 4 of the Dungeon.
You were not hungry.

You visited 1 branch of the dungeon, and saw 4 of its levels.

You collected 154 gold pieces.

Inventory:

Hand Weapons
 a - a +0 falchion (weapon)
Missiles
 e - 5 tomahawks of dispersal (quivered)
 i - 61 stones
 k - 17 poisoned needles
 o - 3 exploding tomahawks
 t - 23 sling bullets
Armour
 b - a +0 leather armour (worn)
 x - a +0 helmet (worn)
Jewellery
 h - an uncursed ring of fire
 r - a ring of resist corrosion (right hand)
 y - a ring of stealth (left hand)
Wands
 p - a wand of teleportation (4/9)
 w - a wand of iceblast (8/15)
Scrolls
 d - 3 scrolls of blinking
 g - 4 scrolls of identify
 l - a scroll of recharging
 n - a scroll of immolation
 q - 3 scrolls of teleportation
Potions
 s - a potion of lignification
Books
 c - a book of Spatial Translocations

   Spells                             Type                      Level
   a - Apportation                    Translocation                1
   b - Blink                          Translocation                2
   c - Shroud of Golubria             Charms/Translocation         2
   d - Portal Projectile              Translocation                3
   e - Teleport Other                 Translocation                3
   f - Passage of Golubria            Translocation                4
Comestibles
 f - 5 bread rations
 j - a slice of pizza
 m - 10 fruits
 u - 5 chunks of flesh


   Skills:
 + Level 3.1 Fighting
 - Level 6.1 Long Blades
 - Level 1.1 Throwing
 - Level 1.1 Armour
 - Level 2.1 Dodging
 - Level 1.5 Spellcasting
 - Level 3.2 Translocations


You had 3 spell levels left.
You knew the following spells:

 Your Spells              Type           Power        Failure   Level  Hunger
a - Apportation           Tloc           #.........   12%         1    ##.....
b - Blink                 Tloc           N/A          14%         2    ###....
q - Shroud of Golubria    Chrm/Tloc      #.........   28%         2    ###....


Dungeon Overview and Level Annotations

Branches:
Dungeon (4/15)
 Temple: D:4-7

Altars:
The Shining One


Innate Abilities, Weirdness & Mutations

You are small and have problems with some larger weapons.
You are somewhat resistant to further mutation.


Message History

You see here a potion of degeneration.
You see here 4 chunks of flesh.
The orc priest miscasts a cantrip.
You barely miss the orc priest.
The orc priest invokes the aid of Beogh against you.
Beogh smites you!
You hit the orc priest.
The orc priest is moderately wounded.
The orc priest hits you with a dagger.
You hit the orc priest.
The orc priest is heavily wounded.
The orc priest calls down the wrath of Beogh upon you.
Pain shoots through your body!
You completely miss the orc priest.
The orc priest is heavily wounded.
The orc priest hits you with a dagger.
* * * LOW HITPOINT WARNING * * *
The orc priest calls down the wrath of Beogh upon you.
Beogh smites you!
You die...

...... ......#
..# #....# ..#
#....# ..##
#...## #..#
#....####..#####
#....##........#.
#...<@.o.........
#.........[......
#.........##.....
#........## ..#
.............## #
............##
...#.......## ..
#.......# .
#......##


You could see an orc priest.

Vanquished Creatures
  An orc warrior (D:3)
  3 orc wizards (D:3)
  An orc priest (D:3)
  3 adders
  An ooze (D:1)
  2 worms
  4 dart slugs
  3 giant geckos
  15 orcs
  13 bats
  4 giant cockroaches
  6 goblins
  5 hobgoblins
  4 jackals (D:1)
  2 quokkas
  A ball python (D:1)
  5 giant newts
  9 kobolds
  5 rats
87 creatures vanquished.

Notes
Turn   | Place    | Note
--------------------------------------------------------------
     0 | D:1      | spiff the Halfling Warper began the quest for the Orb.
     0 | D:1      | Reached XP level 1. HP: 14/14 MP: 3/3
    86 | D:1      | Reached XP level 2. HP: 17/19 MP: 4/4
   122 | D:1      | Learned a level 2 spell: Shroud of Golubria
   376 | D:1      | Reached skill level 3 in Long Blades
   463 | D:1      | Reached XP level 3. HP: 16/24 MP: 5/5
   609 | D:1      | Learned a level 2 spell: Blink
  1293 | D:2      | Reached skill level 4 in Long Blades
  1293 | D:2      | Reached XP level 4. HP: 18/29 MP: 4/6
  1540 | D:2      | Found a glowing golden altar of the Shining One.
  2507 | D:3      | Noticed an orc warrior
  2563 | D:3      | Killed an orc warrior
  2563 | D:3      | Reached skill level 5 in Long Blades
  2563 | D:3      | Reached XP level 5. HP: 34/34 MP: 7/7
  2601 | D:3      | Reached XP level 6. HP: 39/39 MP: 8/8
  2890 | D:3      | Reached skill level 6 in Long Blades
  4110 | D:4      | Killed from afar by an orc priest

Skill      XL: |  1  2  3  4  5  6 |
---------------+-------------------+-----
Long Blades    | 3 4 5 6 |  6.1
Fighting       | 3 |  3.1
Throwing       | |  1.1
Armour         | |  1.1
Dodging        | |  2.1
Spellcasting   | |  1.5
Translocations | |  3.2

Action                   |  1- 3 |  4- 6 || total
-------------------------+-------+-------++-------
Melee: Falchion          |   138 |   217 ||   355
 Cast: Shroud of Golubri |     3 |    10 ||    13
Evoke: Wand              |       |     3 ||     3
  Use: Scroll            |       |     7 ||     7
       Potion            |       |     3 ||     3
 Stab: Sleeping          |       |     3 ||     3
       Distracted        |       |     1 ||     1
  Eat: Chunk             |     1 |    11 ||    12
Armor: Leather armour    |    34 |    38 ||    72
Dodge: Dodged            |   143 |   144 ||   287
